 Dungeon Crawl Stone Soup version 0.30-a0-1104-g706747fef1 (webtiles) character file.

Game seed: 8259494410345206760

12 CornySensei the Conjurer (level 2, 0/19 HPs)
             Began as a Human Conjurer on Apr 19, 2023.
             Slain by a bat (1 damage)
             ... on level 2 of the Dungeon.
             The game lasted 00:08:27 (404 turns).

CornySensei the Conjurer (Human Conjurer)            Turns: 404, Time: 00:08:28

Health: 0/19       AC:  0    Str:  7    XL:     2   Next: 45%
Magic:  5/5        EV: 12    Int: 18    God:
Gold:   53         SH:  0    Dex: 11    Spells: 4/5 levels left

rFire   . . .      SeeInvis .    (no weapon)
rCold   . . .      Faith    .    (no shield)
rNeg    . . .      Spirit   .    (no body armour)
rPois   .          Reflect  .    (no helmet)
rElec   .          Rampage  .    (no cloak)
rCorr   .                        (no gloves)
Will    .....                    (no boots)
Stlth   ++                       (no amulet)
HPRegen 0.23/turn                d - ring of flight
MPRegen 0.09/turn                (no ring)

@: mighty, flying, invisible
A: no striking features
a: no special abilities


You were on level 2 of the Dungeon.
You visited 1 branch of the dungeon, and saw 2 of its levels.

You collected 53 gold pieces.

Inventory:

Armour
 a - a +0 robe
 h - a +0 leather armour
Jewellery
 d - a ring of flight (left hand)
 g - an amulet of magic regeneration
Scrolls
 c - a scroll of identify
Potions
 b - a potion of magic


   Skills:
 + Level 2.0 Dodging
 + Level 2.0 Stealth
 + Level 2.0 Spellcasting
 + Level 4.4 Conjurations


You had 4 spell levels left.
You knew the following spells:

 Your Spells              Type           Power      Damage    Failure   Level
a - Magic Dart            Conj           72%        1d6       2%          1

Your spell library contained the following spells:

 Spells                   Type           Power      Damage    Failure   Level
 Searing Ray              Conj           36%        2d5       4%          2
 Dazzling Flash           Conj/Hex       18%        N/A       22%         3
 Fulminant Prism          Conj/Hex       4%         3d5       56%         4
 Iskenderun's Mystic Bla  Conj/Tloc      9%         2d4       56%         4


Dungeon Overview and Level Annotations

Branches:
Dungeon (2/15)

Altars:

Annotations:
D:2 Jessica


Message History

* * * LOW HITPOINT WARNING * * *
You continue taking off your +0 robe.
The bat misses you. The bat hits you but does no damage.
You continue taking off your +0 robe.
The bat barely misses you.
You continue taking off your +0 robe.
The bat closely misses you.
You finish taking off your +0 robe.
The bat misses you. The bat hits you.
* * * LOW HITPOINT WARNING * * *
The bat hits you.
* * * LOW HITPOINT WARNING * * *
You feel very mighty all of a sudden. The bat hits you.
* * * LOW HITPOINT WARNING * * *
As you read the scroll of identify, it crumbles to dust.
f - a potion of invisibility The bat closely misses you. x2
You fade into invisibility!
The bat completely misses you. The bat closely misses you.
Unknown command.
The bat hits you.
* * * LOW HITPOINT WARNING * * *
The bat closely misses you. The bat attacks as you move away!
The bat closely misses you. x2
The bat attacks as you move away! The bat completely misses you. x2
The bat closely misses you. The bat closely misses you.
The bat closely misses you. The bat barely misses you. The bat hits you.
* * * LOW HITPOINT WARNING * * *
The bat attacks as you move away! The bat hits you.
* * * LOW HITPOINT WARNING * * *
The bat barely misses you. The bat hits you.
* * * LOW HITPOINT WARNING * * *
The bat closely misses you. The bat attacks as you move away! The bat hits you.
You die...

######### ####
#.b.J...# #..
#@#####.# #.#####
........# #.#
#.#...#.##########
#J# .....>.....
#.# #.#<#.#.###
#.# #.###.# # #.#
#.. ..#.# #.#
#####.#.# #.#
..J[....# ##.#


You could see an endoplasm and a bat.

Vanquished Creatures
  3 endoplasms
  3 goblins (D:1)
  A hobgoblin (D:1)
  2 bats
  2 rats (D:1)
11 creatures vanquished.

Notes
Turn   | Place    | Note
-------+----------+-------------------------------------------
     0 | D:1      | CornySensei the Human Conjurer began the quest for the Orb.
     0 | D:1      | Reached XP level 1. HP: 13/13 MP: 3/3
   143 | D:1      | Reached XP level 2. HP: 19/19 MP: 1/5
   320 | D:2      | Noticed Jessica
   404 | D:2      | Slain by a bat

Illustrated notes

Levels and vault maps discovered:
D:1:      dpeg_arrival_long_road, layout_rooms
D:2:      layout_basic, basic_altar, uniq_jessica

Action                     || total
---------------------------++-------
  Melee: Unarmed           ||    24
   Cast: Magic Dart        ||    21
    Use: Scroll            ||     2
         Potion            ||     2
 Armour: Robe              ||    27
         Leather armour    ||     4
  Dodge: Dodged            ||    92

Table legend: (Time is in decaauts)
 A = Elapsed time spent in this place.
 B = Non-inter-level travel time spent in this place.
 C = Inter-level travel time spent in this place.
 D = Time resting spent in this place.
 E = Time spent auto-exploring this place.
 F = Levels seen in this place.
 G = Mean time per level.
                   A        B        C        D        E       F      G
               +--------+--------+--------+--------+--------+-----+--------+
         Total |    403 |    347 |     56 |      0 |      0 |   2 |  201.5 |
       Dungeon |    403 |    347 |     56 |      0 |      0 |   2 |  201.5 |
               +--------+--------+--------+--------+--------+-----+--------+

Top non-repeatable levels by time:
     D:1: 269 daAuts
     D:2: 134 daAuts
